 Dungeon Crawl Stone Soup version 0.31-a0-986-g5e6e4ef867 (webtiles) character file.

Game seed: 7662923058663920972

6152 jasper the Fighter (level 10, -3/85 HPs)
             Began as a Demonspawn Cinder Acolyte on Nov 11, 2023.
             Was a Believer of Ignis.
             Slain by an orc knight
             ... wielding a +0 halberd
              (27 damage)
             ... in a bailey.
             The game lasted 00:22:23 (9419 turns).

jasper the Fighter (Demonspawn Cinder Acolyte)      Turns: 9419, Time: 00:22:24

Health: -3/85      AC: 12    Str: 15    XL:     10   Next: 59%
Magic:  11/11      EV: 12    Int: 16    God:    Ignis [**....]
Gold:   223        SH:  7    Dex: 12    Spells: 11/11 levels left

rFire   + +          .
                       - Unarmed
rCold   . . .        Q - +2 buckler of the Thistle {rPois rCorr}
rNeg    . . .        w - +1 steam dragon scales
rPois   +            (helmet restricted)
rElec   .            G - +0 cloak
rCorr   +            D - +0 pair of gloves
SInv    .            (no boots)
Will    .....        (no amulet)
Stlth   +            t - +4 ring of protection
HPRegen 0.34/turn    A - ring of protection from fire
MPRegen 0.12/turn

%: no passive effects
@: no status effects
A: hooves 2, horns 1, demonic guardian 1, ignite blood 2, weakness stinger 2
a: Renounce Religion, Fiery Armour, Foxfire Swarm, Rising Flame


You were in a bailey.
You worshipped Ignis.
Ignis was pleased with you.
You visited 2 branches of the dungeon, and saw 10 of its levels.
You also visited: Bailey.

You collected 603 gold pieces.
You spent 380 gold pieces at shops.

Inventory:

Hand Weapons
 a - a -1 hand axe of flaming
 j - the +7 staff of the Meek {protect, meekguard}
   (You found it on level 3 of the Dungeon)
 l - a +4 dagger of venom
 T - a +1 halberd of venom
Missiles
 c - 106 stones (quivered)
 f - 9 javelins
 q - 3 atropa-tipped darts
 u - 32 poisoned darts
 I - a curare-tipped dart
Armour
 b - a +0 robe
 m - a +0 scale mail
 v - a +0 kite shield
 w - +1 steam dragon scales (worn)
 D - a +0 pair of gloves (worn)
 G - a +0 cloak (worn)
 J - a +0 helmet
 O - +0 acid dragon scales
 Q - the +2 buckler of the Thistle (worn) {rPois rCorr}
   (You bought it in a shop on level 9 of the Dungeon)

   rPois:     It protects you from poison rCorr: It protects you from acid and
   corrosion.
Jewellery
 t - a +4 ring of protection (left hand)
 z - a ring of see invisible
 A - a ring of protection from fire (right hand)
 R - a ring of protection from cold
Talismans
 r - a maw talisman
 P - a blade talisman
Wands
 k - a wand of polymorph (2)
 y - a wand of charming (11)
 S - a wand of acid (4)
Scrolls
 p - 4 scrolls of teleportation
 B - 2 scrolls of silence
 C - 3 scrolls of fear
 E - a scroll of fog
 F - a scroll of amnesia
 H - a scroll of blinking
 K - 2 scrolls of vulnerability
Potions
 d - 3 potions of heal wounds
 e - 3 potions of curing
 g - 2 potions of might
 h - 4 potions of cancellation
 i - a potion of brilliance
 n - 4 potions of mutation
 o - a potion of berserk rage
 s - 3 potions of magic
 x - 2 potions of ambrosia
 U - 2 potions of haste {unknown}
 V - a potion of invisibility {unknown}
 W - a potion of resistance {unknown}


   Skills:
 - Level 10.0 Fighting
 - Level 3.3 Axes
 + Level 3.1 Dodging
 - Level 4.0 Shields
 - Level 10.0 Unarmed Combat
 - Level 1.0 Spellcasting
 - Level 2.6 Fire Magic
 + Level 3.4 Evocations


You had 11 spell levels left.
You didn't know any spells.
Your spell library contained the following spells:

 Spells                   Type           Power      Damage    Failure   Level
 Scorch                   Fire           18%        2d5       14%         2
 Foxfire                  Conj/Fire      20%        2x1d5     17%         1
 Sting                    Tmut/Pois      0%         1d3       28%         1
 Poisonous Vapours        Pois/Air       0%         N/A       41%         2
 Dazzling Flash           Conj/Hex       0%         N/A       65%         3
 Olgreb's Toxic Radiance  Pois           0%         N/A       96%         4
 Fireball                 Conj/Fire      2%         3d4       99%         5
 Spellforged Servitor     Conj/Summ      0%         N/A       100%        7


Dungeon Overview and Level Annotations

Branches:
Dungeon (9/15)             Temple (1/1) D:7            Lair (0/5) D:8
    Orc (0/2) D:9          Bailey (1/1)

Altars:
Ashenzari
Cheibriados
Dithmenos
Fedhas
Gozag
Hepliaklqana
Kikubaaqudgha
Makhleb
Okawaru
Qazlal
Ru
Sif Muna
Trog
Uskayaw
Vehumet
Wu Jian
Yredelemnul

Shops:
D:1 *   D:3 :   D:9 [(

Annotations:
D:9 2 transporters


Innate Abilities, Weirdness & Mutations

You have hoof-like feet.
You have a pair of small horns on your head.
A weak demonic guardian rushes to your aid.
Your demonic aura often causes spilled blood to erupt in flames.
You have a tail ending in a sharp stinger.


Message History

Aiming: Corrosive Bolt
Press: ? - help, Shift-Dir - straight line, f/p - orc knight
Aim: an orc knight, wielding a +0 halberd and wearing a +0 ring mail (moderately wounded, strong, constricted by roots, 100% to hit)
The bolt of acid hits the orc knight!
The orc knight is moderately wounded.
The grasping roots constrict the orc knight.
The orc knight escapes!
Aiming: Fastroot
Press: ? - help, Shift-Dir - straight line, f/p - orc knight
Aim: an orc knight, wielding a +0 halberd and wearing a +0 ring mail (heavily wounded, strong)
The roots erupt in riotous growth!
Roots grab the orc knight.
The grasping roots constrict the orc knight.
The orc warrior no longer looks unusually strong.
The orc knight struggles to escape constriction.
The grasping roots constrict the orc knight.
The orc knight roars a battlecry!
The orc warrior goes into a battle-frenzy!
The orc knight escapes!
Aiming: Corrosive Bolt
Press: ? - help, Shift-Dir - straight line, f/p - orc knight
Aim: an orc knight, wielding a +0 halberd and wearing a +0 ring mail (heavily wounded, strong, 67% to hit)
The bolt of acid hits the orc knight!!
The acid corrodes the orc knight!
The orc knight is almost dead.
Aiming: Fastroot
Press: ? - help, Shift-Dir - straight line, f/p - orc knight
Aim: an orc knight, wielding a +0 halberd and wearing a +0 ring mail (almost dead, strong, covered in acid)
The roots erupt in riotous growth!
Roots grab the orc knight.
Roots grab the orc warrior.
The now-empty wand crumbles to dust.
The grasping roots constrict the orc warrior.
The grasping roots constrict the orc knight.
The orc warrior struggles to escape constriction.
The orc knight escapes!
The grasping roots constrict the orc warrior.
The orc knight no longer looks unusually strong.
The orc warrior struggles to escape constriction.
The orc knight attacks as it pursues you!
The orc knight hits you from afar with a +0 halberd!!
You die...

#∩.....∩#
#.......#
#.......#
#..#)#..#
#.##8##)#
#..#.#))#
#.....))#
#.......#
#...@...#
##.....##
###o###
#)))#
#.o)#
#oo.#
#...#
###'###
##.....##


You could see 2 orc knights and 2 orc warriors.

Vanquished Creatures
  Pikel (D:9)
  Maggie (D:6)
  A hornet (D:8)
  Grinder (D:6)
  2 wyverns
  The ghost of otakuarchivist the Ruffian, an amateur MiSh (D:4)
  A steam dragon (D:7)
  2 wargs (D:8)
  2 water moccasins (D:8)
  Duvessa (D:5)
  An acid dragon (D:9)
  7 orc warriors
  An ice beast (D:7)
  A sky beast (D:8)
  4 black bears
  An ogre (D:6)
  2 centaurs
  3 bullfrogs
  4 kobold brigands
  4 scorpions
  12 wights
  Dowan (D:5)
  A killer bee (D:7)
  A howler monkey (D:6)
  2 jellies
  A hound (D:6)
  3 orc priests
  3 sleepcaps (D:6)
  4 iguanas
  Ijyb (D:3)
  3 orc wizards
  Natasha (thrice) (D:3)
  7 gnolls
  5 adders
  A shadow imp (D:6)
  A white imp (D:8)
  2 ufetubi (D:6)
  2 worms
  2 dart slugs (D:1)
  42 orcs
  11 ball pythons
  5 bats
  9 endoplasms
  6 giant cockroaches
  8 goblins
  4 hobgoblins
  2 jackals (D:2)
  6 quokkas
  5 frilled lizards
  32 kobolds
  7 rats
233 creatures vanquished.

Vanquished Creatures (collateral kills)
  A scorpion (D:5)
  An orc wizard (D:4)
2 creatures vanquished.

Grand Total: 235 creatures vanquished

Notes
Turn   | Place    | Note
-------+----------+-------------------------------------------
     0 | D:1      | jasper the Demonspawn Cinder Acolyte began the quest for
                  | the Orb.
     0 | D:1      | Reached XP level 1. HP: 18/18 MP: 2/2
     8 | D:1      | Found Joehouc's Assorted Antiques.
   191 | D:1      | Discovered your monstrous ancestry.
   191 | D:1      | Gained mutation: You have a small tail. [demonic ancestry]
   191 | D:1      | Reached XP level 2. HP: 24/24 MP: 3/3
   355 | D:2      | Reached skill level 1 in Unarmed Combat
   360 | D:2      | Reached XP level 3. HP: 29/29 MP: 4/4
   657 | D:1      | Found a faded altar of an unknown god.
  1074 | D:2      | Gained mutation: A weak demonic guardian rushes to your
                  | aid. [demonic ancestry]
  1074 | D:2      | Reached XP level 4. HP: 37/37 MP: 5/5
  1835 | D:1      | Bought a murky orange potion for 18 gold pieces
  1835 | D:1      | Bought a sapphire potion for 18 gold pieces
  1892 | D:3      | Found the +7 staff of the Meek {protect, meekguard}
  1915 | D:3      | Noticed Ijyb
  1940 | D:3      | Killed Ijyb
  2075 | D:3      | Noticed Natasha
  2088 | D:3      | Gained mutation: You have a tail ending in a sharp stinger.
                  | [demonic ancestry]
  2088 | D:3      | Reached XP level 5. HP: 41/43 MP: 6/6
  2097 | D:3      | Killed Natasha
  2523 | D:3      | Found Xibocw's Vocational Training.
  2794 | D:3      | Noticed Natasha
  2803 | D:3      | Killed Natasha
  2868 | D:3      | Noticed Natasha
  2877 | D:3      | Killed Natasha
  2897 | D:3      | Found an opulent altar of Gozag.
  3022 | D:4      | Found a runed translucent gate.
  3022 | D:4      | Found a runed translucent gate.
  3022 | D:4      | Noticed otakuarchivist's ghost (amateur MiSh)
  3023 | D:4      | Found a runed translucent gate.
  3046 | D:4      | Reached skill level 5 in Fighting
  3046 | D:4      | Gained mutation: You have large cloven feet. [demonic
                  | ancestry]
  3046 | D:4      | Reached XP level 6. HP: 14/51 MP: 7/7
  3427 | D:4      | Found a sand-covered staircase.
  3527 | D:5      | Entered Level 5 of the Dungeon
  3817 | D:5      | Found an ancient bone altar of Kikubaaqudgha.
  3818 | D:5      | Noticed Duvessa
  3819 | D:5      | Noticed Dowan
  3901 | D:6      | Noticed Eustachio
  3905 | D:6      | Gained mutation: Your demonic aura sometimes causes spilled
                  | blood to erupt in flames. [demonic ancestry]
  3905 | D:6      | Reached XP level 7. HP: 12/57 MP: 8/8
  3912 | D:6      | Eustachio changed into Eustachio the swamp drake
  3912 | D:6      | Noticed Eustachio
  3913 | D:6      | Eustachio the swamp drake changed into Eustachio the wyvern
  3913 | D:6      | Noticed Eustachio
  3921 | D:6      | Killed Eustachio the wyvern
  4083 | D:5      | Reached skill level 5 in Unarmed Combat
  4343 | D:6      | Gained mutation: Your demonic aura often causes spilled
                  | blood to erupt in flames. [demonic ancestry]
  4343 | D:6      | Reached XP level 8. HP: 47/63 MP: 9/9
  4541 | D:6      | Noticed Maggie
  4554 | D:6      | Killed Maggie
  4555 | D:6      | Noticed Grinder
  4579 | D:6      | Killed Grinder
  5051 | D:7      | Reached skill level 1 in Shields
  5103 | D:7      | Found a burning altar of Makhleb.
  5108 | D:7      | Gained mutation: You have hoof-like feet. [demonic
                  | ancestry]
  5108 | D:7      | Reached XP level 9. HP: 75/75 MP: 10/10
  5129 | D:7      | Found a bloodstained altar of Trog.
  5236 | D:7      | Found an iron altar of Okawaru.
  5407 | D:7      | Found a staircase to the Ecumenical Temple.
  5980 | Temple   | Entered the Ecumenical Temple
  6008 | D:8      | Identified the "Samp"
  6064 | D:8      | Found a sacrificial altar of Ru.
  6200 | D:8      | Found a shimmering blue altar of Sif Muna.
  6368 | D:8      | Found a shadowy altar of Dithmenos.
  6617 | D:8      | Reached skill level 10 in Fighting
  6653 | D:8      | Found a staircase to the Lair.
  6671 | D:8      | Gained mutation: You have a pair of small horns on your
                  | head. [demonic ancestry]
  6671 | D:8      | Reached XP level 10. HP: 60/85 MP: 11/11
  6875 | D:8      | Found a basalt altar of Yredelemnul.
  7401 | D:5      | Found a hazy altar of Hepliaklqana.
  7715 | D:5      | Killed Duvessa
  7733 | D:5      | Killed Dowan
  8201 | D:4      | Identified the +1 helmet of Emoirask {Fly rPois Regen+
                  | MP+9}
  8467 | D:4      | Killed otakuarchivist's ghost
  8631 | D:9      | Noticed Pikel
  8646 | D:9      | Killed Pikel
  8647 | D:9      | Reached skill level 10 in Unarmed Combat
  8647 | D:9      | Reached skill level 1 in Dodging
  8647 | D:9      | Reached skill level 1 in Evocations
  8748 | D:9      | Found a transporter.
  8815 | D:9      | Found a transporter.
  8853 | D:9      | Found Zokaenaa's Weapon Emporium.
  8853 | D:9      | Found a staircase to the Orcish Mines.
  8855 | D:9      | Found Uvoget's Armour Emporium.
  8871 | D:9      | Bought the +2 buckler of the Thistle {rPois rCorr} for 344
                  | gold pieces
  9003 | D:9      | Found a flagged portal.
  9027 | Bailey   | Entered a bailey
  9380 | Bailey   | Noticed an orc knight
  9382 | Bailey   | Noticed an orc knight
  9419 | Bailey   | Slain by an orc knight

Illustrated notes

Levels and vault maps discovered:
D:1:      saegor_arrival_simple_c, layout_rooms, serial_shops,
          nicolae_square_shop, shapermc_ecumenical_altar_totnotflames,
          st_stairs_8, minmay_shallow_snake_nest
D:2:      layout_loops_ring, serial_bayou, serial_bayou_lake_a,
          serial_bayou_pond_e, serial_bayou_ford_a, serial_bayou_pond_a,
          kennysheep_decorative_pillar, chequers_mini_garden, grunt_ministairs_1
D:3:      layout_loops_ring, mainiacjoe_overflow_alcove_2,
          nicolae_shop_vocational, uniq_ijyb, uniq_natasha
D:4:      layout_loops_cross, gammafunk_ghost_nasty_kobolds,
          nicolae_ossuary_entry_false_entrances
D:5:      layout_basic, overflow_temple_1_default,
          mainiacjoe_overflow_catch_the_wave, serial_curves, eino_curves_04,
          eino_curves_04, eino_curves_02, eino_curves_04, uniq_duvessa
D:6:      layout_loops_ring, uniq_maggie, uniq_eustachio, uniq_grinder
D:7:      layout_basic, jmf_multi_god_temple, lemuel_crystal_altar,
          minmay_temple_entry_proselytizer
D:8:      layout_loops_cross, kennysheep_ying_yang, amcnicky_altar_gilded,
          mainiacjoe_overflow_boulevard, mainiacjoe_overflow_six_doors_small,
          erik_lair_orcish_takeover, patterned_corridor
D:9:      gammafunk_steamed_eel, layout_loops_ring, orc_david_3, enter_bailey_2,
          dk_noncrumbling_4, uniq_pikel, uniq_erica
Temple:   hellmonk_temple_forest_ring
Bailey:   bailey_polearm_5, bailey

Skill      XL: |  1  2  3  4  5  6  7  8  9 10 |
---------------+-------------------------------+-----
Axes           | 3 |  3.3
Unarmed Combat | 1 2 3 4 5 7 8 10 | 10.0
Fighting       | 4 5 7 8 10 | 10.0
Shields        | 2 4 |  4.0
Dodging        | 3 |  3.1
Evocations     | 3 |  3.4
Spellcasting   | |  1.0
Fire Magic     | |  2.6

Action                     |  1- 3 |  4- 6 |  7- 9 | 10-12 || total
---------------------------+-------+-------+-------+-------++-------
  Melee: Hand axe          |    92 |    29 |       |       ||   121
         Tailslap          |     5 |    29 |    34 |    23 ||    91
         Punch             |     1 |     3 |     1 |       ||     5
         Unarmed           |       |   189 |   234 |   178 ||   601
         Kick              |       |    14 |    80 |    60 ||   154
         Headbutt          |       |       |       |    29 ||    29
  Throw: Javelin           |       |     6 |     5 |     6 ||    17
         Stone             |       |       |       |     4 ||     4
 Invoke: Fiery Armour      |     2 |     4 |     4 |       ||    10
  Evoke: Wand              |       |     1 |     2 |     7 ||    10
    Use: Scroll            |     3 |    12 |     3 |     6 ||    24
         Potion            |       |     2 |     2 |     1 ||     5
 Armour: Robe              |    48 |    29 |       |       ||    77
         Scale mail        |       |   105 |    68 |       ||   173
         Skin              |       |     5 |    10 |       ||    15
         Steam dragon scal |       |       |    84 |   108 ||   192
         Acid dragon scale |       |       |       |    16 ||    16
  Dodge: Dodged            |    63 |    98 |    70 |    70 ||   301
  Block: Kite shield       |       |       |    57 |    39 ||    96
         Buckler           |       |       |       |    37 ||    37

Table legend: (Time is in decaauts)
 A = Elapsed time spent in this place.
 B = Non-inter-level travel time spent in this place.
 C = Inter-level travel time spent in this place.
 D = Time resting spent in this place.
 E = Time spent auto-exploring this place.
 F = Levels seen in this place.
 G = Mean time per level.
                   A        B        C        D        E       F      G
               +--------+--------+--------+--------+--------+-----+--------+
         Total |   9488 |   8859 |    629 |   1386 |   3851 |  11 |  862.5 |
       Dungeon |   9099 |   8470 |    629 |   1192 |   3847 |   9 | 1011.0 |
        Temple |      1 |      1 |      0 |      0 |      0 |   1 |    1.0 |
        Bailey |    387 |    387 |      0 |    194 |      4 |   1 |  387.0 |
               +--------+--------+--------+--------+--------+-----+--------+

Top non-repeatable levels by time:
     D:8: 1216 daAuts
     D:3: 1179 daAuts
     D:5: 1138 daAuts
     D:7: 1127 daAuts
     D:6: 1088 daAuts
     D:2: 1080 daAuts
     D:4: 1022 daAuts
     D:1: 851 daAuts
     D:9: 395 daAuts
  Bailey: 387 daAuts
  Temple: 1 daAuts
